Cogmind - Beta 9.5 *** ADVENTURER MODE // 2020.04.12 @ 20:29:47 Player: hemo Result: Destroyed by B-99 Colossus with Linear Accelerator Performance ------------- Evolutions (9) 4500 Regions Visited (22) 4400 Robots Destroyed (123) 615 Value Destroyed (3968) 3968 Prototype IDs (42) 840 Alien Tech Used (0) 0 Bonus (8809) 8809 TOTAL SCORE: 23132 Bonus ------- Devolution 7500 Follower Combat Kills 937 Aligned with FarCom 300 Met Data Miner 300 Met Imprinter 300 Was Imprinted 300 Friendly Fire -828 Cogmind --------- Core Integrity 0/800 Matter 35/300 Energy 42/100 System Corruption 2% Temperature Cool (16) Movement Core (50) Location -1/Access Parts ------- > --- POWER (2) -------- (None) > --- PROPULSION (2) --- (None) > --- UTILITY (6) ------ (None) > --- WEAPON (1) ------- (None) > --- INVENTORY (4) ---- (None) Peak State ------------ > --- POWER ------------ Light Angular Momentum Engine Neutrino Core > --- PROPULSION ------- Improved Titanium Leg Improved Titanium Leg Improved Titanium Leg Improved Titanium Leg Flexi-carbon Leg > --- UTILITY ---------- Advanced Heat Sink Large Storage Unit Improved Signal Interpreter Advanced Targeting Computer Heart of Steel > --- WEAPON ----------- Heavy Laser Heavy Machine Gun > --- INVENTORY -------- Light Fission Core Light Fission Core Carbon-fiber Leg Flexi-carbon Leg Nuclear Pulse Thruster Nuclear Pulse Thruster Nuclear Pulse Thruster Nuclear Pulse Thruster Compact Battery Gatling Laser [Rating: 80] Favorites ----------- Power Light Fission Core Engine Light Angular Momentum Engine Power Core Light Fission Core Reactor Light Particle Reactor Propulsion Improved Titanium Leg Leg Improved Titanium Leg Wheel Wheel Hover Unit Improved Hover Unit Flight Unit Flight Unit Utility Improved Signal Interpreter Device Advanced Heat Sink Storage Small Storage Unit Processor Improved Signal Interpreter Hackware Improved System Shield Protection Improved Propulsion Shielding Weapon Heavy Machine Gun Energy Gun Heavy Laser Energy Cannon Heavy Ion Cannon Ballistic Gun Heavy Machine Gun Ballistic Cannon Slug Cannon Launcher Shock Bomb Launcher Special Weapon Mining Laser Slashing Weapon Makeshift Axe Special Melee Weapon Advanced Datajack Build | -11 -10 -10 -10 -9 -8 -7 -7 -7 -7 -6 -6 -6 -6 -6 -5 -5 -4 -4 -4 -3 -2 -1 ------- Run | Scr Mat Min Exi Min Mat Fac Low Low Dat Pro Fac Low Low Zio Pro Fac Fac Upp Upp Res Res Acc Slots Evolved -9 | . . . . . -2 -1 . . . . -1 . . . . -1 -1 . . -1 -1 -1 Power . | . . . . . . . . . . . . . . . . . . . . . . . Propulsion -3 | . . . . . . . . . . . . . . . . -1 -1 . . . . -1 Utility -3 | . . . . . . -1 . . . . -1 . . . . . . . . -1 . . Weapon -3 | . . . . . -2 . . . . . . . . . . . . . . . -1 . Parts Attached 300 | 17 11 24 5 22 26 15 11 6 . 27 23 14 12 12 18 3 8 4 2 15 3 22 Power 51 | 3 4 5 1 3 2 4 1 1 . 4 3 2 4 3 2 . 2 . . 5 . 2 Engine 27 | 3 3 4 1 3 . 1 . . . 3 3 1 1 2 1 . . . . . . 1 Core 20 | . 1 1 . . 2 3 1 1 . 1 . 1 3 1 1 . 2 . . 2 . . Reactor 4 | . . . . . . . . . . . . . . . . . . . . 3 . 1 Propulsion 86 | 7 4 7 1 12 10 7 1 1 . 11 7 3 . 1 3 1 1 . 2 5 . 2 Treads . | . . . . . . . . . . . . . . . . . . . . . . . Leg 26 | . . . . . 6 . . . . 3 6 2 . 1 2 1 1 . 2 2 . . Wheel 40 | 7 3 7 1 7 4 5 1 1 . 4 . . . . . . . . . . . . Hover 1 | . . . . . . . . . . . 1 . . . . . . . . . . . Flight 19 | . 1 . . 5 . 2 . . . 4 . 1 . . 1 . . . . 3 . 2 Utility 98 | 4 2 10 1 7 7 3 4 1 . 5 7 9 8 6 6 2 1 3 . 2 2 8 Device 60 | 3 2 4 1 3 7 1 4 . . . 5 5 3 4 5 2 . 2 . . 2 7 Storage 9 | . . 3 . 2 . . . . . 1 . 1 2 . . . . . . . . . Processor 16 | 1 . 2 . 1 . 1 . 1 . 2 2 1 . . 1 . . 1 . 2 . 1 Hackware 1 | . . . . . . . . . . 1 . . . . . . . . . . . . Protection 12 | . . 1 . 1 . 1 . . . 1 . 2 3 2 . . 1 . . . . . Artifact . | . . . . . . . . . . . . . . . . . . . . . . . Weapon 65 | 3 1 2 2 . 7 1 5 3 . 7 6 . . 2 7 . 4 1 . 3 1 10 Energy Gun 15 | . . 2 1 . 2 . . . . 1 4 . . 1 1 . 2 1 . . . . Energy Cannon 4 | . . . . . . 1 . . . . 1 . . . . . . . . 1 1 . Ballistic Gun 21 | 2 . . 1 . 5 . 1 2 . 3 1 . . 1 2 . 1 . . 2 . . Ballistic Cannon 5 | . . . . . . . 1 . . . . . . . . . . . . . . 4 Launcher 6 | . . . . . . . . . . 1 . . . . . . . . . . . 5 Special Weapon 3 | 1 . . . . . . . . . 1 . . . . 1 . . . . . . . Impact Weapon . | . . . . . . . . . . . . . . . . . . . . . . . Slashing Weapon 10 | . 1 . . . . . 3 1 . 1 . . . . 3 . 1 . . . . . Piercing Weapon . | . . . . . . . . . . . . . . . . . . . . . . . Special Melee Weapon 1 | . . . . . . . . . . . . . . . . . . . . . . 1 Unidentified Prototypes 9 | . . . . . 1 2 . . . 1 . . 1 1 1 . 1 . . 1 . . Parts Lost 76 | . . 3 . . 6 1 1 . . 18 4 2 . . 4 . 5 . 4 13 . 15 Power 15 | . . 1 . . 1 1 . . . 3 1 . . . 1 . 2 . . 3 . 2 Propulsion 25 | . . 1 . . 3 . . . . 8 2 . . . 1 . 1 . 2 5 . 2 Utility 23 | . . . . . 2 . 1 . . 3 1 2 . . 1 . 1 . 1 3 . 8 Weapon 13 | . . 1 . . . . . . . 4 . . . . 1 . 1 . 1 2 . 3 Highest Loss Streak 12 | . . 3 . . 4 1 1 . . 9 4 2 . . 3 . 5 . 4 11 . 12 Average Slot Usage (%) 93 | . 78 90 93 87 91 99 96 100 100 85 84 99 97 99 99 100 97 91 89 84 83 71 Engine 4 | . 7 6 5 5 5 4 2 . . . 9 10 6 6 6 6 1 . . . . . Core 5 | . 2 3 5 5 3 5 8 11 11 8 . 1 5 6 5 6 11 7 7 4 . . Leg 16 | . . . . . 5 . . . . . 20 30 31 31 30 26 20 21 21 17 . . Wheel 9 | . 24 24 25 22 18 29 28 29 29 22 . . . . . . . . . . . . Device 15 | . 22 27 20 15 20 21 19 22 17 14 16 10 7 11 21 20 19 13 12 4 16 26 Storage 7 | . . 3 10 9 11 11 11 11 11 9 . 4 10 7 6 6 7 7 7 6 . . Processor 13 | . 5 6 10 12 13 11 7 5 11 9 17 17 12 12 13 20 21 20 21 25 33 20 Protection 4 | . . 1 5 4 2 . 5 5 5 4 . 5 9 10 1 . . 7 7 4 . . Energy Gun 3 | . . 3 6 5 2 . . . . . 7 6 6 3 2 . 4 1 6 . . . Ballistic Gun 6 | . 10 10 6 5 5 5 4 5 5 3 1 6 6 8 9 13 5 5 . 4 . . Slashing Weapon 1 | . 1 3 . . . . 1 . . 1 . . . . . . 2 7 7 6 . . Naked Turns . | . . . . . . . . . . . . . . . . . . . . . . . Heaviest Build 60 | 15 19 36 45 45 35 44 47 42 41 43 38 55 59 60 59 48 47 43 43 59 23 29 Greatest Support 108 | 56 50 50 50 50 54 54 52 52 52 52 108 108 100 100 96 71 51 51 65 65 24 32 Greatest Overweight (x) 8 | . . . . 4 2 . . . . 8 1 2 . . . . . . . 1 . 3 Average Overweight (x) . | . . . . . . . . . . . . . . . . . . . . . . . Largest Inventory Capacity 10 | 4 4 8 8 8 8 8 8 8 8 8 4 10 10 10 10 10 10 10 10 10 4 4 Average Capacity 8 | 4 4 5 8 7 8 8 8 8 8 7 4 8 10 10 10 10 10 10 10 9 4 4 Most Carried 10 | 4 4 8 8 8 8 8 8 8 8 8 4 10 10 10 10 10 10 10 10 10 4 4 Average Carried 7 | 1 3 4 7 7 7 7 7 8 8 6 2 7 9 9 9 9 9 9 8 8 3 3 Final Capacity 10 | 4 4 8 8 8 8 8 8 8 8 4 4 10 10 10 10 10 10 10 10 4 4 4 Final Carried 10 | 4 3 8 8 8 8 8 8 8 8 2 4 9 10 10 9 10 10 10 8 4 4 . Class Distribution -------------------- 34% | Scavenger-Mutant 31% | Scavenger-Skirmisher 28% | Messiah-Mutant Dominant Class ---------------- Scavenger-Skirmisher | -10/Materials Scavenger-Skirmisher | -10/Mines Scavenger-Skirmisher | -10/Exiles Scavenger-Skirmisher | -9/Mines Scavenger-Skirmisher | -8/Materials Scavenger-Skirmisher | -7/Factory Scavenger-Skirmisher | -7/Lower Caves Scavenger-Skirmisher | -7/Lower Caves Scavenger-Skirmisher | -7/Data Miner Scavenger-Skirmisher | -6/Proximity Caves Scavenger-Mutant | -6/Factory Scavenger-Mutant | -6/Lower Caves Scavenger-Mutant | -6/Lower Caves Scavenger-Mutant | -6/Zion Messiah-Mutant | -5/Proximity Caves Messiah-Mutant | -5/Factory Messiah-Mutant | -4/Factory Messiah-Mutant | -4/Upper Caves Messiah-Mutant | -4/Upper Caves Messiah-Mutant | -3/Research Messiah-Mutant | -2/Research Messiah-Mutant | -1/Access Resources | -11 -10 -10 -10 -9 -8 -7 -7 -7 -7 -6 -6 -6 -6 -6 -5 -5 -4 -4 -4 -3 -2 -1 ----------- Run | Scr Mat Min Exi Min Mat Fac Low Low Dat Pro Fac Low Low Zio Pro Fac Fac Upp Upp Res Res Acc Matter Collected 4788 | 430 124 346 . 309 284 227 315 174 . 576 213 240 581 124 351 . 31 94 10 172 . 187 Remotely . | . . . . . . . . . . . . . . . . . . . . . . . Salvage Created 5308 | 231 139 179 . 220 444 422 274 129 . 503 361 189 266 . 702 . 147 269 23 648 . 162 Parts 284 | 21 12 7 . 18 23 20 19 5 . 12 15 22 15 . 43 . 7 . 2 39 . 4 Haulers Intercepted 4 | . . . . . . 2 . . . . . . . . . . . . . . . 2 Recyclers Shooed 1 | . . . . . 1 . . . . . . . . . . . . . . . . . Parts Field Recycled . | . . . . . . . . . . . . . . . . . . . . . . . Retrieved Matter . | . . . . . . . . . . . . . . . . . . . . . . . Parts Self-Destructed 100 | . . . . . . . 6 13 . 15 . 9 9 . 46 . . . 2 . . . Prevented 6 | . . . . . . . . . . . . 2 . . 4 . . . . . . . Kills | -11 -10 -10 -10 -9 -8 -7 -7 -7 -7 -6 -6 -6 -6 -6 -5 -5 -4 -4 -4 -3 -2 -1 ------- Run | Scr Mat Min Exi Min Mat Fac Low Low Dat Pro Fac Low Low Zio Pro Fac Fac Upp Upp Res Res Acc Combat Hostiles Destroyed 91 | . 5 6 . 11 8 3 7 3 . 5 6 5 5 . 16 . 2 . 1 8 . . Melee 13 | . . . . . . . 1 . . . . . . . 7 . 2 . . 3 . . Guns 68 | . 5 6 . 11 8 1 3 . . 4 5 5 5 . 9 . . . 1 5 . . Cannons 9 | . . . . . . 2 3 3 . 1 . . . . . . . . . . . . Classes Destroyed 19 | 3 2 1 . 1 1 4 1 2 . 1 . . 1 . 2 . . . . . . . Worker 5 | 2 . 1 . . 2 . . . . . . . . . . . . . . . . . Tunneler 6 | 5 . 1 . . . . . . . . . . . . . . . . . . . . Hauler 4 | . . . . . . 2 . . . . . . . . . . . . . . . 2 Recycler 3 | 1 . . . . . 1 . . . . . . . . . . . . . 1 . . Mechanic 1 | . . . . . . 1 . . . . . . . . . . . . . . . . Watcher 2 | . . . . . . 1 . . . . 1 . . . . . . . . . . . Swarmer 27 | . 3 . . 9 . . 2 . . 4 . . 3 . 5 . . . 1 . . . Saboteur 1 | . . . . . . . . . . . . . . . 1 . . . . . . . Grunt 27 | . 2 2 . 1 7 2 1 . . . 2 1 2 . 4 . . . . 3 . . Brawler 3 | . . . . 1 . . . . . . 2 . . . . . . . . . . . Sentry 4 | . . . . . . 1 2 . . . 1 . . . . . . . . . . . Specialist 2 | . . . . . . . . . . . . . . . 2 . . . . . . . Hunter 7 | . . . . . 1 . . . . . . 1 . . 2 . 2 . . 1 . . Programmer 8 | . . . . . . . . . . 1 1 . . . 2 . . . . 4 . . Decomposer 1 | . . . . . . . . . . . . 1 . . . . . . . . . . Packrat 5 | . . . . . . . . . . 2 . . . . . . . 3 . . . . Samaritan 4 | . . . . . . . . . . . . . 2 . . . . 2 . . . . Master Thief 5 | . . . . . . . 2 . . . . 3 . . . . . . . . . . Assembled 4 | . . 4 . . . . . . . . . . . . . . . . . . . . Thug 1 | . . . . . . . . 1 . . . . . . . . . . . . . . Butcher 1 | . . . . . . . . 1 . . . . . . . . . . . . . . Mutant 1 | . . . . . . . . 1 . . . . . . . . . . . . . . Best Kill Streak 8 | 4 3 2 . 6 5 2 3 2 . 3 2 2 3 . 8 . 2 . 1 5 . 2 Combat Bots Only 8 | . 3 2 . 6 5 2 3 2 . 3 2 2 3 . 8 . 2 . 1 4 . . Max Kills in Single Turn 2 | 1 1 1 . 1 1 1 1 1 . 2 1 1 1 . 1 . 1 1 1 1 . 1 Gunslinging . | . . . . . . . . . . . . . . . . . . . . . . . Exploded . | . . . . . . . . . . . . . . . . . . . . . . . Melee 1 | . . . . . . . 1 . . . . . . . 1 . 1 . . 1 . . Uniques/NPCs Destroyed . | . . . . . . . . . . . . . . . . . . . . . . . Combat | -11 -10 -10 -10 -9 -8 -7 -7 -7 -7 -6 -6 -6 -6 -6 -5 -5 -4 -4 -4 -3 -2 -1 -------- Run | Scr Mat Min Exi Min Mat Fac Low Low Dat Pro Fac Low Low Zio Pro Fac Fac Upp Upp Res Res Acc Damage Taken 10044 | . 162 420 . 54 688 349 312 86 . 1524 457 144 164 . 845 . 720 . 679 1696 . 1744 Core 2306 | . 40 11 . 6 60 75 74 . . 388 20 17 19 . 128 . 127 . 172 369 . 800 Absorbed by Shields 300 | . . . . . . . . . . . . . . . 300 . . . . . . . Core Remaining (%) 78 | 100 . . . 92 92 . . . . 32 . . . . 77 100 . . 62 53 100 . Volleys Fired 373 | 15 10 31 . . 27 18 39 8 . 43 27 32 33 . 48 . . . 2 19 . 21 Largest 4 | 3 3 4 . . 2 2 2 2 . 2 2 2 2 . 2 . . . 1 1 . 1 Hottest 170 | 140 140 170 . . 92 90 90 73 . 76 149 99 99 . 110 . . . 88 30 . 65 Shots Fired 656 | 32 22 72 . 30 54 36 55 16 . 62 44 56 58 . 77 . . . 2 19 . 21 Gun 566 | 30 20 68 . 30 54 18 39 8 . 43 44 56 58 . 77 . . . 2 19 . . Cannon 63 | . . . . . . 18 16 8 . 8 . . . . . . . . . . . 13 Launcher 19 | . . . . . . . . . . 11 . . . . . . . . . . . 8 Special 8 | 2 2 4 . . . . . . . . . . . . . . . . . . . . Kinetic 457 | 30 20 62 . 25 43 18 42 16 . 50 10 32 25 . 52 . . . . 19 . 13 Thermal 180 | 2 2 10 . 5 11 18 13 . . 1 34 24 33 . 25 . . . 2 . . . Explosive 8 | . . . . . . . . . . . . . . . . . . . . . . 8 Electromagnetic 11 | . . . . . . . . . . 11 . . . . . . . . . . . . Robot Hit Streak 30 | 18 12 13 . 12 13 12 9 8 . 12 30 18 10 . 17 . . . 12 12 . 10 Robot Miss Streak 8 | 1 2 3 . 1 1 5 3 3 . 8 2 2 2 . 2 . . . . 1 . 1 Penetration Max . | . . . . . . . . . . . . . . . . . . . . . . . Secondary Targets 4 | . 1 . . . 1 . . . . . . 2 . . . . . . . . . . Max Gunslinging Chain 1 | . 1 . . . 1 . . . . . . 1 . . . . . . . . . . Autonomous 30 | . . . . 30 . . . . . . . . . . . . . . . . . . Shots Hit Robots 582 | 22 15 48 . 27 48 24 35 12 . 60 36 39 45 . 82 . 7 12 2 58 . 10 Core Hits 260 | 9 7 19 . 11 22 11 16 4 . 32 22 17 21 . 36 . 4 5 1 19 . 4 Critical Hits 13 | . . . . . . . 2 3 . 2 1 . . . 2 . . . . 3 . . Critical Kills 7 | . . . . . . . 1 2 . 2 . . . . 1 . . . . 1 . . Critical Parts Destroyed 5 | . . . . . . . 1 1 . . . . . . 1 . . . . 2 . . Melee Attacks 113 | . . . . . . . 7 1 . 13 . . . . 18 . 12 12 . 50 . . Impact . | . . . . . . . . . . . . . . . . . . . . . . . Slashing 113 | . . . . . . . 7 1 . 13 . . . . 18 . 12 12 . 50 . . Piercing . | . . . . . . . . . . . . . . . . . . . . . . . Sneak Attacks 8 | . . . . . . . . . . . . . . . . . . 8 . . . . Combat Hostiles . | . . . . . . . . . . . . . . . . . . . . . . . Follow-up Attacks . | . . . . . . . . . . . . . . . . . . . . . . . Damage Inflicted 14372 | 232 189 528 . 843 733 638 770 330 . 1763 835 858 980 . 1965 . 253 1014 52 1868 . 521 Guns 8257 | 232 189 476 . 843 733 222 358 91 . 594 835 800 980 . 1433 . . . 52 419 . . Cannons 1436 | . . . . . . 302 271 239 . 208 . . . . . . . . . . . 416 Explosions 396 | . . . . . . 114 . . . 177 . . . . . . . . . . . 105 Melee 4173 | . . . . . . . 141 . . 784 . . . . 532 . 253 1014 . 1449 . . Ramming 58 | . . . . . . . . . . . . 58 . . . . . . . . . . Kinetic 6553 | 232 189 404 . 674 547 222 413 330 . 784 171 450 474 . 828 . . . . 419 . 416 Thermal 3306 | . . 124 . 169 186 416 216 . . 18 664 350 506 . 605 . . . 52 . . . Explosive 105 | . . . . . . . . . . . . . . . . . . . . . . 105 Electromagnetic 177 | . . . . . . . . . . 177 . . . . . . . . . . . . Impact . | . . . . . . . . . . . . . . . . . . . . . . . Slashing 4173 | . . . . . . . 141 . . 784 . . . . 532 . 253 1014 . 1449 . . Piercing . | . . . . . . . . . . . . . . . . . . . . . . . Highest Corruption 20 | . . . . . . . . . . 1 2 2 2 2 2 . . . . 20 . 2 Average Corruption 2 | . . . . . . . . . . 1 1 2 2 2 1 . . . . 11 . 2 Corruption Purged . | . . . . . . . . . . . . . . . . . . . . . . . Effects 41 | . . . . . . . . . . 1 2 12 15 2 1 . . . . 6 . 2 Message Errors 10 | . . . . . . . . . . . . 2 7 . . . . . . . . 1 Matter Fused 2 | . . . . . . . . . . . . . . . . . . . . 2 . . Heat Flow Errors 7 | . . . . . . . . . . . . 2 3 1 . . . . . 1 . . Energy Discharges 7 | . . . . . . . . . . . 1 3 2 1 . . . . . . . . Data Loss (minor) 7 | . . . . . . . . . . 1 . 4 1 . . . . . . . . 1 Targeting Errors 5 | . . . . . . . . . . . . . 2 . . . . . . 3 . . Weapon Failures 3 | . . . . . . . . . . . 1 1 . . 1 . . . . . . . Overload Shots . | . . . . . . . . . . . . . . . . . . . . . . . Overflow Damage 947 | . . 21 . . . 9 24 19 . 288 . . . . 15 . . 439 . 127 . 5 Projectiles 93 | . . 21 . . . 9 24 19 . 20 . . . . . . . . . . . . Explosions 5 | . . . . . . . . . . . . . . . . . . . . . . 5 Melee 849 | . . . . . . . . . . 268 . . . . 15 . . 439 . 127 . . Knockbacks 4 | . . . . . . . . 2 . 2 . . . . . . . . . . . . Impact . | . . . . . . . . . . . . . . . . . . . . . . . Kinetic 4 | . . . . . . . . 2 . 2 . . . . . . . . . . . . Secondary . | . . . . . . . . . . . . . . . . . . . . . . . Self-Inflicted Damage 344 | . . . . . . 144 . . . . . . . . . . . . . . . 200 Shots 6 | . . . . . . 2 . . . . . . . . . . . . . . . 4 Rammed . | . . . . . . . . . . . . . . . . . . . . . . . Targets Rammed 12 | . . . . . . . . . . . . 12 . . . . . . . . . . Kicked 12 | . . . . . . . . . . . . 12 . . . . . . . . . . Crushed . | . . . . . . . . . . . . . . . . . . . . . . . Highest Temperature 468 | 90 175 225 . . 9 196 395 152 . 468 379 440 210 112 227 . . . 33 91 32 76 Average Temperature 117 | 24 84 64 . . 7 46 131 61 . 185 111 143 69 64 97 . . . 19 20 17 28 Received Heat Transfer 1910 | . 45 105 . . 387 108 126 56 . 393 192 . 36 . 219 . 36 . 177 9 . 21 Effects 25 | . . . . . . . 2 . . 17 1 5 . . . . . . . . . . Shutdowns 8 | . . . . . . . 1 . . 4 . 3 . . . . . . . . . . Energy Bleed 3 | . . . . . . . 1 . . 1 1 . . . . . . . . . . . Interference 6 | . . . . . . . . . . 6 . . . . . . . . . . . . Matter Decay 1 | . . . . . . . . . . 1 . . . . . . . . . . . . Short Circuit 5 | . . . . . . . . . . 4 . 1 . . . . . . . . . . Damage (minor) 1 | . . . . . . . . . . 1 . . . . . . . . . . . . Damage (major) 1 | . . . . . . . . . . . . 1 . . . . . . . . . . Siege Activations . | . . . . . . . . . . . . . . . . . . . . . . . Robots Corrupted . | . . . . . . . . . . . . . . . . . . . . . . . Combat Hostiles . | . . . . . . . . . . . . . . . . . . . . . . . Parts Fried . | . . . . . . . . . . . . . . . . . . . . . . . Impact Corruptions . | . . . . . . . . . . . . . . . . . . . . . . . Robots Melted 1 | . . . . . . . . . . . 1 . . . . . . . . . . . Combat Hostiles 1 | . . . . . . . . . . . 1 . . . . . . . . . . . Parts Melted 8 | . . . . . . 1 . . . . 3 1 . . 2 . . . . 1 . . Heat Transferred 6041 | . . 248 . 185 370 457 296 . . 37 1421 666 962 . 1325 . . . 74 . . . Parts Sabotaged . | . . . . . . . . . . . . . . . . . . . . . . . Parts Stolen 23 | . . . . . . . 7 . . 4 . 8 2 . 2 . . . . . . . Parts Stripped . | . . . . . . . . . . . . . . . . . . . . . . . Power Chain Reactions . | . . . . . . . . . . . . . . . . . . . . . . . Missiles Intercepted . | . . . . . . . . . . . . . . . . . . . . . . . Alert | -11 -10 -10 -10 -9 -8 -7 -7 -7 -7 -6 -6 -6 -6 -6 -5 -5 -4 -4 -4 -3 -2 -1 ------- Run | Scr Mat Min Exi Min Mat Fac Low Low Dat Pro Fac Low Low Zio Pro Fac Fac Upp Upp Res Res Acc Peak Influence 598 | 40 120 84 . 282 245 199 . . . . 167 . . . . 411 242 . . 315 157 598 Average Influence 125 | 20 64 66 . 184 146 128 . . . . 39 . . . . 251 181 . . 161 145 256 Maximum Alert Level 2 | . . . . 1 1 . . . . . . . . . . 2 1 . . 1 . 2 Low Security (%) 79 | 100 100 100 . 42 76 100 . . . . 100 . . . . 39 79 . . 54 100 38 Level 1 15 | . . . . 57 23 . . . . . . . . . . . 20 . . 45 . 37 Level 2 5 | . . . . . . . . . . . . . . . . 60 . . . . . 24 Level 3 . | . . . . . . . . . . . . . . . . . . . . . . . Level 4 . | . . . . . . . . . . . . . . . . . . . . . . . Level 5 . | . . . . . . . . . . . . . . . . . . . . . . . High Security . | . . . . . . . . . . . . . . . . . . . . . . . Max Security . | . . . . . . . . . . . . . . . . . . . . . . . Squads Dispatched 10 | . 1 . . . 1 1 . . . . 1 . . . 1 . . . 1 3 . 1 Investigation 3 | . 1 . . . . . . . . . . . . . . . . . . 1 . 1 Extermination 2 | . . . . . . . . . . . 1 . . . . . . . . 1 . . Reinforcement 2 | . . . . . 1 1 . . . . . . . . . . . . . . . . Assault 2 | . . . . . . . . . . . . . . . 1 . . . 1 . . . Garrison 1 | . . . . . . . . . . . . . . . . . . . . 1 . . Intercept . | . . . . . . . . . . . . . . . . . . . . . . . Construction Impeded . | . . . . . . . . . . . . . . . . . . . . . . . Haulers Reinforced 1 | . . . . . . 1 . . . . . . . . . . . . . . . . Stealth | -11 -10 -10 -10 -9 -8 -7 -7 -7 -7 -6 -6 -6 -6 -6 -5 -5 -4 -4 -4 -3 -2 -1 --------- Run | Scr Mat Min Exi Min Mat Fac Low Low Dat Pro Fac Low Low Zio Pro Fac Fac Upp Upp Res Res Acc Distress Signals 8 | . . 1 . . 1 1 . . . . . . . . . . . . . 4 . 1 Communications Jammed 8 | . . . . . . . . . . . . . . . . . . . . . . 8 Distress Signals 8 | . . . . . . . . . . . . . . . . . . . . . . 8 Times Spotted 262 | . 7 10 . 10 10 9 26 18 . 41 9 13 9 . 38 . 5 . 14 24 . 19 Peak Tracking Total 14 | . 5 5 . 3 6 4 8 14 . 10 3 2 4 . 9 . 2 . 12 7 . 10 Tactical Retreats 30 | . . 3 . . . . 6 4 . 9 . . . . 4 . . . . 2 . 2 Traps | -11 -10 -10 -10 -9 -8 -7 -7 -7 -7 -6 -6 -6 -6 -6 -5 -5 -4 -4 -4 -3 -2 -1 ------- Run | Scr Mat Min Exi Min Mat Fac Low Low Dat Pro Fac Low Low Zio Pro Fac Fac Upp Upp Res Res Acc Traps Triggered 4 | . . . . . 1 . . . . . 2 . . . . . . . . . . 1 Indirectly . | . . . . . . . . . . . . . . . . . . . . . . . Trap Hack Attempts . | . . . . . . . . . . . . . . . . . . . . . . . Triggered . | . . . . . . . . . . . . . . . . . . . . . . . Disarmed . | . . . . . . . . . . . . . . . . . . . . . . . Reprogrammed . | . . . . . . . . . . . . . . . . . . . . . . . Reused . | . . . . . . . . . . . . . . . . . . . . . . . Traps Extracted . | . . . . . . . . . . . . . . . . . . . . . . . Installed . | . . . . . . . . . . . . . . . . . . . . . . . Triggered . | . . . . . . . . . . . . . . . . . . . . . . . Machines | -11 -10 -10 -10 -9 -8 -7 -7 -7 -7 -6 -6 -6 -6 -6 -5 -5 -4 -4 -4 -3 -2 -1 ---------- Run | Scr Mat Min Exi Min Mat Fac Low Low Dat Pro Fac Low Low Zio Pro Fac Fac Upp Upp Res Res Acc Machines Disabled 7 | . . . . . . 3 . 1 . . . . . . 1 . . . . 1 . 1 Max in Single Turn 2 | . . . . . . 2 . 1 . . . . . . 1 . . . . . . 1 Machines Sabotaged . | . . . . . . . . . . . . . . . . . . . . . . . Garrisons Compromised . | . . . . . . . . . . . . . . . . . . . . . . . Overloaded Fab Kills . | . . . . . . . . . . . . . . . . . . . . . . . Fab Network Shutdowns 1 | . . . . . . . . . . . . . . . . 1 . . . . . . Hacking | -11 -10 -10 -10 -9 -8 -7 -7 -7 -7 -6 -6 -6 -6 -6 -5 -5 -4 -4 -4 -3 -2 -1 --------- Run | Scr Mat Min Exi Min Mat Fac Low Low Dat Pro Fac Low Low Zio Pro Fac Fac Upp Upp Res Res Acc Machines Accessed 27 | . 5 2 5 . 2 2 . 1 4 . 3 . 1 . . 1 1 . . . . . Terminals 11 | . 5 1 . . 1 2 . 1 . . 1 . . . . . . . . . . . Fabricators 3 | . . . . . . . . . . . 2 . . . . 1 . . . . . . Repair Stations 1 | . . . . . 1 . . . . . . . . . . . . . . . . . Recycling Units . | . . . . . . . . . . . . . . . . . . . . . . . Scanalyzers 1 | . . . . . . . . . . . . . . . . . 1 . . . . . Garrison Access . | . . . . . . . . . . . . . . . . . . . . . . . Total Hacks 128 | . 14 2 49 . 4 5 . 7 28 . 12 . 1 . . 5 1 . . . . . Successful 112 | . 10 1 49 . 3 1 . 7 28 . 8 . 1 . . 4 . . . . . . Failed 15 | . 3 1 . . 1 4 . . . . 4 . . . . 1 1 . . . . . Catastrophic 1 | . . . . . . . . . . . 1 . . . . . . . . . . . Database Lockouts 1 | . 1 . . . . . . . . . . . . . . . . . . . . . Manual 36 | . 12 2 1 . . 1 . . . . 4 . . 2 1 . . . . 2 . 11 Terminals 36 | . 14 1 . . 2 5 . 7 . . 7 . . . . . . . . . . . Fabricators 10 | . . . . . . . . . . . 5 . . . . 5 . . . . . . Repair Stations 2 | . . . . . 2 . . . . . . . . . . . . . . . . . Recycling Units . | . . . . . . . . . . . . . . . . . . . . . . . Scanalyzers 1 | . . . . . . . . . . . . . . . . . 1 . . . . . Garrison Access . | . . . . . . . . . . . . . . . . . . . . . . . Terminal Hacks 95 | . 5 1 49 . 1 1 . 7 28 . 2 . 1 . . . . . . . . . Record 66 | . . . 48 . . . . 7 11 . . . . . . . . . . . . . Part Schematic 9 | . . . . . . . . . 9 . . . . . . . . . . . . . Robot Schematic 5 | . . . . . . . . . 5 . . . . . . . . . . . . . Robot Analysis 5 | . 2 . . . 1 . . . . . 2 . . . . . . . . . . . Prototype ID Bank 3 | . . . . . . . . . 3 . . . . . . . . . . . . . Open Door 2 | . . 1 . . . . . . . . . . 1 . . . . . . . . . Unreport Threat 2 | . 1 . . . . 1 . . . . . . . . . . . . . . . . Recall Investigation 1 | . 1 . . . . . . . . . . . . . . . . . . . . . Hauler Manifests 1 | . 1 . . . . . . . . . . . . . . . . . . . . . EX-Prototype ID Bank 1 | . . . 1 . . . . . . . . . . . . . . . . . . . Fabricator Hacks 8 | . . . . . . . . . . . 4 . . . . 4 . . . . . . Load Schematic 4 | . . . . . . . . . . . 2 . . . . 2 . . . . . . Build 4 | . . . . . . . . . . . 2 . . . . 2 . . . . . . Repair Station Hacks 2 | . . . . . 2 . . . . . . . . . . . . . . . . . Scan Component 1 | . . . . . 1 . . . . . . . . . . . . . . . . . Repair 1 | . . . . . 1 . . . . . . . . . . . . . . . . . Recycling Unit Hacks . | . . . . . . . . . . . . . . . . . . . . . . . Scanalyzer . | . . . . . . . . . . . . . . . . . . . . . . . Garrison Access Hacks . | . . . . . . . . . . . . . . . . . . . . . . . Unauthorized Hacks 16 | . 11 . . . . . . . . . 5 . . . . . . . . . . . Terminals 7 | . 5 . . . . . . . . . 2 . . . . . . . . . . . Track 2 | . 1 . . . . . . . . . 1 . . . . . . . . . . . Botnet 5 | . 4 . . . . . . . . . 1 . . . . . . . . . . . Fabricators . | . . . . . . . . . . . . . . . . . . . . . . . Repair Stations . | . . . . . . . . . . . . . . . . . . . . . . . Recycling Units . | . . . . . . . . . . . . . . . . . . . . . . . Scanalyzers . | . . . . . . . . . . . . . . . . . . . . . . . Garrison Access . | . . . . . . . . . . . . . . . . . . . . . . . Data Cores Recovered 1 | . . . . . . . . . . . . . . . . . . . . . . 1 Used . | . . . . . . . . . . . . . . . . . . . . . . . Hacking Detections 12 | . 4 1 . . 1 2 . . . . 3 . . . . . 1 . . . . . Full Trace Events . | . . . . . . . . . . . . . . . . . . . . . . . Feedback Events . | . . . . . . . . . . . . . . . . . . . . . . . Feedback Blocked . | . . . . . . . . . . . . . . . . . . . . . . . Robot Schematics Acquired 5 | . . . . . . . . . 5 . . . . . . . . . . . . . Robots Built 2 | . . . . . . . . . . . 2 . . . . . . . . . . . Matter 318 | . . . . . . . . . . . 318 . . . . . . . . . . . Time 169 | . . . . . . . . . . . 169 . . . . . . . . . . . Total Robot Build Rating 12 | . . . . . . . . . . . 12 . . . . . . . . . . . Part Schematics Acquired 9 | . . . . . . . . . 9 . . . . . . . . . . . . . Parts Built 2 | . . . . . . . . . . . 1 . . . . 1 . . . . . . Matter 570 | . . . . . . . . . . . 285 . . . . 285 . . . . . . Time 228 | . . . . . . . . . . . 76 . . . . 152 . . . . . . Total Part Build Rating 10 | . . . . . . . . . . . 5 . . . . 5 . . . . . . Parts Repaired 1 | . . . . . 1 . . . . . . . . . . . . . . . . . Time 32 | . . . . . 32 . . . . . . . . . . . . . . . . . Parts Recycled . | . . . . . . . . . . . . . . . . . . . . . . . Recycled Matter . | . . . . . . . . . . . . . . . . . . . . . . . Retrieved Matter . | . . . . . . . . . . . . . . . . . . . . . . . Retrieved Components . | . . . . . . . . . . . . . . . . . . . . . . . Parts Scanalyzed . | . . . . . . . . . . . . . . . . . . . . . . . Part Schematics Acquired . | . . . . . . . . . . . . . . . . . . . . . . . Parts Damaged . | . . . . . . . . . . . . . . . . . . . . . . . Bothacking | -11 -10 -10 -10 -9 -8 -7 -7 -7 -7 -6 -6 -6 -6 -6 -5 -5 -4 -4 -4 -3 -2 -1 ------------ Run | Scr Mat Min Exi Min Mat Fac Low Low Dat Pro Fac Low Low Zio Pro Fac Fac Upp Upp Res Res Acc Used RIF Installer . | . . . . . . . . . . . . . . . . . . . . . . . Robots Hacked . | . . . . . . . . . . . . . . . . . . . . . . . Non-combat . | . . . . . . . . . . . . . . . . . . . . . . . Combat . | . . . . . . . . . . . . . . . . . . . . . . . Robot Hacks Applied . | . . . . . . . . . . . . . . . . . . . . . . . Relay Couplers Released . | . . . . . . . . . . . . . . . . . . . . . . . Robots Rewired . | . . . . . . . . . . . . . . . . . . . . . . . Allies Hacked . | . . . . . . . . . . . . . . . . . . . . . . . Hacks Repelled . | . . . . . . . . . . . . . . . . . . . . . . . Allies | -11 -10 -10 -10 -9 -8 -7 -7 -7 -7 -6 -6 -6 -6 -6 -5 -5 -4 -4 -4 -3 -2 -1 -------- Run | Scr Mat Min Exi Min Mat Fac Low Low Dat Pro Fac Low Low Zio Pro Fac Fac Upp Upp Res Res Acc Total Allies 24 | . . . . 2 . . . . . 1 2 1 . 7 . . . . . 2 . 9 Largest Group 7 | . . . . 2 1 . . . . 1 2 2 . 7 7 . . . . 2 . 6 Highest-Rated Group 525 | . . . . 49 31 . . . . 94 108 95 . 242 242 . . . . 206 . 525 Highest-Rated Ally 122 | . . . . 31 31 . . . . 94 54 54 . 39 39 . . . . 103 . 122 Zionite Dispatches 4 | . . . . . . . . . . . . . . . . . . . . 1 . 3 Heavy 2 | . . . . . . . . . . . . . . . . . . . . 1 . 1 Hacker 1 | . . . . . . . . . . . . . . . . . . . . . . 1 Demo 1 | . . . . . . . . . . . . . . . . . . . . . . 1 Total Orders 1 | . . . . . . . . . . . . 1 . . . . . . . . . . AID 1 | . . . . . . . . . . . . 1 . . . . . . . . . . Ally Attacks 206 | . . . . 2 15 . . . . 10 9 19 . . 83 . . . . 22 . 46 Total Damage 6386 | . . . . 43 166 . . . . 402 283 435 . . 1210 . . . . 1658 . 2189 Kills 39 | . . . . 1 . . . . . 2 2 3 . . 9 . . . . 8 . 14 Allies Corrupted 1 | . . . . . . . . . . . . . . . . . . . . 1 . . Allies Melted . | . . . . . . . . . . . . . . . . . . . . . . . Intel | -11 -10 -10 -10 -9 -8 -7 -7 -7 -7 -6 -6 -6 -6 -6 -5 -5 -4 -4 -4 -3 -2 -1 ------- Run | Scr Mat Min Exi Min Mat Fac Low Low Dat Pro Fac Low Low Zio Pro Fac Fac Upp Upp Res Res Acc Robot Analysis Total 5 | . 2 . . . 1 . . . . . 2 . . . . . . . . . . . Derelict Logs Recovered 15 | . . 2 . 1 . . 1 2 . 1 . 2 2 1 1 . . 2 . . . . Drone Launches 2 | . . . . . . . . . . . . . . . . . . . . . . 2 Drone Recoveries . | . . . . . . . . . . . . . . . . . . . . . . . Zionite Intel Received 1 | . . . . . . . . . . . . . . . . . . . . . . 1 Trap Installations 1 | . . . . . . . . . . . . . . . . . . . . . . 1 Exploration | -11 -10 -10 -10 -9 -8 -7 -7 -7 -7 -6 -6 -6 -6 -6 -5 -5 -4 -4 -4 -3 -2 -1 ------------- Run | Scr Mat Min Exi Min Mat Fac Low Low Dat Pro Fac Low Low Zio Pro Fac Fac Upp Upp Res Res Acc Turns Passed 12785 | 182 320 466 340 366 374 394 591 747 68 975 837 1117 1220 1611 1209 238 398 550 68 380 21 313 Spaces Moved 10346 | 128 308 388 407 340 249 334 523 785 83 1115 537 635 846 1232 810 68 262 422 51 218 40 565 Core 19 | 5 . . . . . . . . . 1 . . . . . . . . . . . 13 Treads . | . . . . . . . . . . . . . . . . . . . . . . . Legs 4973 | . . . . . 12 . . . . . 486 635 846 1232 810 68 262 422 51 149 . . Wheels 4309 | 123 308 388 407 339 237 334 523 785 83 782 . . . . . . . . . . . . Hover . | . . . . . . . . . . . . . . . . . . . . . . . Flight 1045 | . . . . 1 . . . . . 332 51 . . . . . . . . 69 40 552 Fastest Speed 34 | 50 80 80 80 80 80 82 82 82 82 34 117 128 128 126 122 120 120 123 123 34 34 37 Average Speed 100 | 82 80 80 80 89 87 83 82 82 82 69 124 153 128 127 125 120 120 123 123 95 34 40 Slowest Speed 450 | 100 80 80 80 120 180 85 82 82 82 450 128 190 128 128 126 122 123 123 123 155 34 200 Overloaded Moves . | . . . . . . . . . . . . . . . . . . . . . . . Propulsion Burnouts . | . . . . . . . . . . . . . . . . . . . . . . . Robots Hopped 16 | . . . . . . . . . . 1 . . . . . . . . . 4 . 11 Cave-ins Triggered 1 | . . . . . . . . . . . . . . . . . . . . . . 1 Time Travels 1 | . . . 1 . . . . . . . . . . . . . . . . . . . Exploration Rate (%) 47 | 4 48 75 92 88 17 11 71 64 70 84 11 82 86 87 88 3 11 61 11 8 2 17 Regions Visited 22 Branch Regions 13 Pre-discovered Areas 8 | . . 2 1 . . . . 1 1 . . 1 . 1 1 . . . . . . . Known Exits Taken 17 | . . . . 1 1 1 1 1 1 1 . 1 1 1 1 1 1 1 1 1 1 . Unknown Exits Taken 5 | 1 1 1 1 . . . . . . . 1 . . . . . . . . . . . Scrap Searched 28 | . . 1 . 4 . . 4 6 . 3 . 1 1 4 1 . . 3 . . . . Spaces Dug 73 | . . . . . . . . . . 1 . . . . . . 3 . . 1 . 68 Terrain Destroyed 151 | 1 . 1 . 17 . 42 1 1 . 4 . . . . . . 3 . . 1 . 80 Melee 5 | . . . . . . . . . . 1 . . . . . . 3 . . 1 . . Projectile 26 | 1 . 1 . 17 . 2 1 1 . 3 . . . . . . . . . . . . AOE 120 | . . . . . . 40 . . . . . . . . . . . . . . . 80 Actions | -11 -10 -10 -10 -9 -8 -7 -7 -7 -7 -6 -6 -6 -6 -6 -5 -5 -4 -4 -4 -3 -2 -1 --------- Run | Scr Mat Min Exi Min Mat Fac Low Low Dat Pro Fac Low Low Zio Pro Fac Fac Upp Upp Res Res Acc Total 11954 | 167 357 476 423 399 351 417 630 873 82 1244 656 721 931 1281 908 225 332 441 54 316 47 623 Wait 544 | 1 22 16 2 17 28 31 31 70 . 19 50 11 24 19 1 152 41 . . 7 . 2 Move 10292 | 127 307 387 406 339 248 333 522 784 82 1112 536 634 845 1231 809 67 261 421 50 209 39 543 Hop 16 | . . . . . . . . . . 1 . . . . . . . . . 4 . 11 Pick Up 81 | 4 1 4 1 5 3 3 2 . . 9 10 11 4 4 4 . 5 . . 6 3 2 Fast Attach 158 | 14 6 9 3 8 17 8 8 2 . 14 15 6 6 10 8 1 4 3 . 4 . 12 Attach 63 | . 1 1 . 2 1 . 3 . . 11 4 7 4 . 5 . 3 . 2 7 3 9 Detach 47 | . . 2 3 3 3 2 4 . . 5 1 4 4 . 1 1 . 2 . 1 1 10 Swap 79 | 3 4 14 2 12 8 7 . 4 . 2 4 1 2 2 5 2 1 1 . 4 . 1 Drop 163 | 3 6 12 6 13 16 15 3 4 . 15 9 3 9 15 9 2 5 2 . 5 1 10 Fire 373 | 15 10 31 . . 27 18 39 8 . 43 27 32 33 . 48 . . . 2 19 . 21 Melee 113 | . . . . . . . 7 1 . 13 . . . . 18 . 12 12 . 50 . . Ram . | . . . . . . . . . . . . . . . . . . . . . . . Kick 12 | . . . . . . . . . . . . 12 . . . . . . . . . . Crush . | . . . . . . . . . . . . . . . . . . . . . . . Escape Stasis . | . . . . . . . . . . . . . . . . . . . . . . . Rewire 12 | . . . . . . . 11 . . . . . . . . . . . . . . 1 Trap . | . . . . . . . . . . . . . . . . . . . . . . . Miscellaneous 1 | . . . . . . . . . . . . . . . . . . . . . . 1 Route ------- -11/Scrapyard -10/Materials (discovered 2 exits: [*Mat] / *Min) -10/Mines (discovered 3 exits: [*Mat x2] / *Exi) -10/Exiles (discovered 2 exits: [*Min x2]) -9/Mines (discovered 2 exits: *Mat x2) -8/Materials -7/Factory -7/Lower Caves -7/Lower Caves (discovered 2 exits: *Fac / *Dat) -7/Data Miner -6/Proximity Caves -6/Factory (discovered 2 exits: Fac / [*Low]) -6/Lower Caves -6/Lower Caves (discovered 2 exits: *Fac / *Zio) -6/Zion -5/Proximity Caves -5/Factory (discovered 5 exits: *Fac / Upp x2 / Ext x2) -4/Factory -4/Upper Caves -4/Upper Caves -3/Research -2/Research -1/Access History --------- Turn | Location | Event 12 | -11/Scrapyard | Discovered new exit (range 16) 183 | -11/Scrapyard | Entered Materials 256 | -10/Materials | Discovered new exit (range 16) 266 | -10/Materials | Central database locked down 309 | -10/Materials | Build established: Scavenger-Skirmisher 443 | -10/Materials | Discovered new exit (range 7) 503 | -10/Materials | Entered Mines 513 | -10/Mines | Met a Derelict bent on vengeance 562 | -10/Mines | Assembled infested the area 576 | -10/Mines | Learned location of Zion (-6) 732 | -10/Mines | Lost 3 parts (1p1n1w) 739 | -10/Mines | Learned location of Storage (-8) 801 | -10/Mines | Discovered new exit (range 12) 828 | -10/Mines | Learned 2 Materials zone layouts 848 | -10/Mines | Met a Derelict who couldn't figure out how to use a Trap Extractor 959 | -10/Mines | Discovered new exit (range 8) 962 | -10/Mines | Deemed a non-threat by the Exiles lab entrance 964 | -10/Mines | Discovered new exit (range 5) 969 | -10/Mines | Entered Exiles 980 | -10/Exiles | Discovered new exit (range 16) 989 | -10/Exiles | Met 8R-AWN 1003 | -10/Exiles | Met EX-HEX 1028 | -10/Exiles | Met EX-BIN 1037 | -10/Exiles | Aligned with FarCom system 1038 | -10/Exiles | Given EX-Vault access code 1071 | -10/Exiles | Opened EX-Vault 1081 | -10/Exiles | Found Chronowheel 1081 | -10/Exiles | Activated Chronowheel 1081 | -10/Exiles | Spacetime reconverged on an earlier point 1092 | -10/Exiles | Found AWS/Gauss 1101 | -10/Exiles | Found AWS/Thermal 1119 | -10/Exiles | Warned to stay clear of 0b10 Research branches 1140 | -10/Exiles | Met EX-DEC 1182 | -10/Exiles | Visited The Gauntlet 1303 | -10/Exiles | Discovered new exit (range 10) 1309 | -10/Exiles | Stole two prototypes: AWS/Gauss, AWS/Thermal 1309 | -10/Exiles | Entered Mines 1601 | -9/Mines | Discovered new exit (range 17) 1645 | -9/Mines | Discovered new exit (range 14) 1649 | -9/Mines | Learned Materials terminal intel 1672 | -9/Mines | Identified exit to Materials 1675 | -9/Mines | Entered Materials 1675 | -8/Materials | Accompanied by 1 ally 1675 | -8/Materials | Devolved, losing 2 slots: Weapon x-2 1677 | -8/Materials | Loaded intel: 12 terminal locations 1685 | -8/Materials | Led the pair of lost Derelicts to an unsafe place 1749 | -8/Materials | Repaired Imp. Terrain Scanner 1895 | -8/Materials | Lost 4 parts (2n2u) 2010 | -8/Materials | Discovered new exit (range 16) 2025 | -8/Materials | Identified exit to Factory 2049 | -8/Materials | Entered Factory 2049 | -7/Factory | Devolved, losing 1 slot: Utility x-1 2051 | -7/Factory | FarCom data flow suspended 2417 | -7/Factory | Discovered new exit (range 13) 2441 | -7/Factory | Identified exit to Lower Caves 2443 | -7/Factory | Entered Lower Caves 2507 | -7/Lower Caves | Spotted 5N-I62(f) 2508 | -7/Lower Caves | Encountered a Master Thief 2522 | -7/Lower Caves | Destroyed 5N-I62(f) 2548 | -7/Lower Caves | Identified exit to Lower Caves 2583 | -7/Lower Caves | Spotted BG-9GV(f) 2583 | -7/Lower Caves | Spotted OW-JA4(f) 2585 | -7/Lower Caves | Encountered a Master Thief 2585 | -7/Lower Caves | Encountered a Master Thief 2585 | -7/Lower Caves | Adv. Heat Sink stolen by Master Thief 2590 | -7/Lower Caves | Mni. Grenade Launcher stolen by Master Thief 2614 | -7/Lower Caves | Attracted the attention of an 0b10 checkpoint 2652 | -7/Lower Caves | Spotted C5-I8F(f) 2653 | -7/Lower Caves | Encountered a Master Thief 2655 | -7/Lower Caves | Hvy. Ion Cannon stolen by Master Thief 2677 | -7/Lower Caves | Spotted JF-5XS(f) 2680 | -7/Lower Caves | Encountered a Master Thief 2681 | -7/Lower Caves | Spotted OM-8GA(f) 2682 | -7/Lower Caves | Encountered a Master Thief 2683 | -7/Lower Caves | Cld. VTOL Module stolen by Master Thief 2693 | -7/Lower Caves | Destroyed OM-8GA(f) 2798 | -7/Lower Caves | Spotted T5-OEX(f) 2800 | -7/Lower Caves | Encountered a Master Thief 2801 | -7/Lower Caves | Master Tearclaws stolen by Master Thief 2801 | -7/Lower Caves | Spotted K3-Q6M(f) 2802 | -7/Lower Caves | Encountered a Master Thief 2816 | -7/Lower Caves | Nanoactuators stolen by Master Thief 2828 | -7/Lower Caves | Attracted the attention of an 0b10 outpost 3034 | -7/Lower Caves | Entered another Lower Caves area 3075 | -7/Lower Caves | Discovered new exit (range 4) 3076 | -7/Lower Caves | Identified exit to Factory 3271 | -7/Lower Caves | Attacked by a faux Warlord 3293 | -7/Lower Caves | Attracted the attention of an 0b10 base 3517 | -7/Lower Caves | Learned Armory garrison access intel 3517 | -7/Lower Caves | Learned Armory trap positions 3690 | -7/Lower Caves | Learned location of 1 exit from Factory 3744 | -7/Lower Caves | Discovered new exit (range 15) 3759 | -7/Lower Caves | Learned Factory terminal intel 3779 | -7/Lower Caves | Identified exit to Data Miner 3781 | -7/Lower Caves | Entered Data Miner 3781 | -7/Data Miner | Discovered new exit (range 6) 3797 | -7/Data Miner | Met Data Miner 3817 | -7/Data Miner | Learned location of Section 7 (-2) 3817 | -7/Data Miner | Acquired the access code to Warlord's prototype stash 3830 | -7/Data Miner | Received God Mode back door access code from Data Miner 3848 | -7/Data Miner | Identified exit to Proximity Caves 3849 | -7/Data Miner | Entered Proximity Caves 3877 | -6/Proximity Caves | Learned Factory terminal intel 4052 | -6/Proximity Caves | Spotted B-75 Beast 4054 | -6/Proximity Caves | Escorted by Enhanced Grunt 4263 | -6/Proximity Caves | Spotted VF-645(f) 4265 | -6/Proximity Caves | Encountered a Master Thief 4265 | -6/Proximity Caves | Lgt. Fission Core stolen by Master Thief 4266 | -6/Proximity Caves | Spotted AQ-T0B(f) 4267 | -6/Proximity Caves | Encountered a Master Thief 4267 | -6/Proximity Caves | Slug Cannon stolen by Master Thief 4433 | -6/Proximity Caves | Spotted YZ-3LI(f) 4434 | -6/Proximity Caves | Encountered a Master Thief 4434 | -6/Proximity Caves | Spotted CP-EZI(f) 4435 | -6/Proximity Caves | Encountered a Master Thief 4436 | -6/Proximity Caves | Flak Gun stolen by Master Thief 4437 | -6/Proximity Caves | Imp. Heat Sink stolen by Master Thief 4459 | -6/Proximity Caves | Lost 3 parts (2n1u) 4647 | -6/Proximity Caves | Lost 5 parts (1p3n1w) 4749 | -6/Proximity Caves | Core integrity fell below 50% 4800 | -6/Proximity Caves | Lost 9 parts (2p3n2u2w) 4823 | -6/Proximity Caves | Discovered exit to Factory (range 5) 4824 | -6/Proximity Caves | Entered Factory 4824 | -6/Factory | Devolved, losing 1 slot: Utility x-1 4825 | -6/Factory | Identified exit to Factory 4826 | -6/Factory | Loaded intel: 20 terminal locations 4911 | -6/Factory | Fabricated Exp. Terrain Scanner (x1) 4968 | -6/Factory | Build established: Hacker-Mutant 5031 | -6/Factory | Lost 4 parts (1p2n1u) 5222 | -6/Factory | Spotted B-75 Beast 5333 | -6/Factory | Build established: Scavenger-Mutant 5453 | -6/Factory | Fabricated P-70 Sage? 5589 | -6/Factory | Discovered new exit (range 20) 5661 | -6/Factory | Entered Lower Caves 5661 | -6/Lower Caves | Accompanied by 1 ally 5865 | -6/Lower Caves | Spotted PZ-XOJ(f) 5865 | -6/Lower Caves | Spotted KO-N5J(f) 5866 | -6/Lower Caves | Encountered a Master Thief 5866 | -6/Lower Caves | Encountered a Master Thief 5866 | -6/Lower Caves | Destroyed KO-N5J(f) 5869 | -6/Lower Caves | Destroyed PZ-XOJ(f) 6029 | -6/Lower Caves | Spotted 8I-KAQ(f) 6030 | -6/Lower Caves | Encountered a Master Thief 6031 | -6/Lower Caves | Master Tearclaws stolen by Master Thief 6033 | -6/Lower Caves | Spotted N8-ZBC(f) 6034 | -6/Lower Caves | Encountered a Master Thief 6035 | -6/Lower Caves | Imp. Sensor Array stolen by Master Thief 6149 | -6/Lower Caves | Attracted the attention of an 0b10 checkpoint 6357 | -6/Lower Caves | Spotted 9M-MAF(f) 6358 | -6/Lower Caves | Encountered a Master Thief 6359 | -6/Lower Caves | Enh. Flexi-carbon Leg stolen by Master Thief 6464 | -6/Lower Caves | Spotted Y4-YTA(f) 6465 | -6/Lower Caves | Encountered a Master Thief 6467 | -6/Lower Caves | Spotted 7J-QIA(f) 6468 | -6/Lower Caves | Encountered a Master Thief 6472 | -6/Lower Caves | Lgt. Angular Momentum Engine stolen by Master Thief 6474 | -6/Lower Caves | Destroyed 7J-QIA(f) 6476 | -6/Lower Caves | Adv. Heat Sink stolen by Master Thief 6500 | -6/Lower Caves | Spotted F3-40R(f) 6501 | -6/Lower Caves | Encountered a Master Thief 6533 | -6/Lower Caves | Nanoactuators stolen by Master Thief 6726 | -6/Lower Caves | Discovered new exit (range 14) 6735 | -6/Lower Caves | Learned 4 Factory zone layouts 6755 | -6/Lower Caves | Identified exit to Lower Caves 6778 | -6/Lower Caves | Entered another Lower Caves area 6885 | -6/Lower Caves | Found Prototype Device 6885 | -6/Lower Caves | Identified Heart of Steel 7048 | -6/Lower Caves | Spotted IC-QDM(f) 7049 | -6/Lower Caves | Encountered a Master Thief 7062 | -6/Lower Caves | Heart of Steel stolen by Master Thief 7072 | -6/Lower Caves | Discovered exit to Factory (range 10) 7266 | -6/Lower Caves | Spotted 25-VLW(f) 7267 | -6/Lower Caves | Encountered a Master Thief 7270 | -6/Lower Caves | Neutrino Core stolen by Master Thief 7637 | -6/Lower Caves | Learned Factory stockpile data 7844 | -6/Lower Caves | Learned location of 1 exit from Factory 7996 | -6/Lower Caves | Discovered new exit (range 2) 7997 | -6/Lower Caves | Identified exit to Zion 7998 | -6/Lower Caves | Entered Zion 8060 | -6/Zion | Received a visual enhancement algorithm 8265 | -6/Zion | Discovered new exit (range 8) 8274 | -6/Zion | Identified exit to Proximity Caves 8372 | -6/Zion | System corruption cleaned by Quarantine Array 8409 | -6/Zion | Learned location of 1 exit from Factory 8538 | -6/Zion | Given A8's code to call for help 8741 | -6/Zion | Learned location of Armory (-3) 9065 | -6/Zion | Imprinted 9068 | -6/Zion | Declared Zion's savior 9219 | -6/Zion | Gained Derelict followers 9364 | -6/Zion | Build established: Messiah-Mutant 9402 | -6/Zion | Found Prototype Device 9402 | -6/Zion | Identified Mobile Refinery Mk. CCLXVII 9609 | -6/Zion | Entered Proximity Caves 9609 | -5/Proximity Caves | Accompanied by 7 allies 9811 | -5/Proximity Caves | Spotted UZ-2N1(f) 9812 | -5/Proximity Caves | Encountered a Master Thief 9815 | -5/Proximity Caves | Lyr. Medium Armor Plating stolen by Master Thief 9818 | -5/Proximity Caves | Spotted JG-URX(f) 9819 | -5/Proximity Caves | Encountered a Master Thief 10005 | -5/Proximity Caves | Spotted 9G-QQ6(f) 10006 | -5/Proximity Caves | Encountered a Master Thief 10044 | -5/Proximity Caves | Allies destroyed 9G-QQ6(f) 10070 | -5/Proximity Caves | Acquired the password to a Derelict Tinkerer's latest research 10080 | -5/Proximity Caves | Found Prototype Special Weapon 10080 | -5/Proximity Caves | Identified Molecular Deconstructor 10414 | -5/Proximity Caves | Spotted FT-NXH(f) 10415 | -5/Proximity Caves | Encountered a Master Thief 10416 | -5/Proximity Caves | Adv. Heat Sink stolen by Master Thief 10458 | -5/Proximity Caves | Caught by Unaware searching for contraband prototypes 10577 | -5/Proximity Caves | Lost 3 parts (1p1n1w) 10579 | -5/Proximity Caves | Caught by Unaware searching for contraband prototypes 10601 | -5/Proximity Caves | Destroyed 8 combat bots 10753 | -5/Proximity Caves | Attracted the attention of an 0b10 outpost 10807 | -5/Proximity Caves | Discovered exit to Factory (range 11) 10818 | -5/Proximity Caves | Entered Factory 10818 | -5/Factory | Devolved, losing 1 slot: Propulsion x-1 10819 | -5/Factory | Identified exit to Upper Caves 10820 | -5/Factory | Identified exit to Extension 10821 | -5/Factory | Identified exit to Factory 10823 | -5/Factory | Loaded intel: 22 terminal locations 10913 | -5/Factory | Local fabrication network quarantined 11030 | -5/Factory | Fabricated Exp. Sensor Array (x1) 11056 | -5/Factory | Entered another Factory area 11056 | -4/Factory | Devolved, losing 1 slot: Propulsion x-1 11388 | -4/Factory | Discovered new exit (range 12) 11419 | -4/Factory | Lost 5 parts (2p1n1u1w) 11453 | -4/Factory | Identified exit to Upper Caves 11454 | -4/Factory | Entered Upper Caves 11541 | -4/Upper Caves | Identified exit to Upper Caves 11850 | -4/Upper Caves | Encountered a Warlord checkpoint 12004 | -4/Upper Caves | Entered another Upper Caves area 12006 | -4/Upper Caves | Attracted the attention of an 0b10 outpost 12013 | -4/Upper Caves | Discovered new exit (range 10) 12071 | -4/Upper Caves | Identified exit to Research 12072 | -4/Upper Caves | Entered Research 12072 | -3/Research | Devolved, losing 1 slot: Utility x-1 12091 | -3/Research | Lost 4 parts (2n1u1w) 12134 | -3/Research | Zion Heavy squad teleported in 12138 | -3/Research | Found Antimissile System 12240 | -3/Research | Incoming investigation squad redirected 12369 | -3/Research | System corruption reached 10% 12370 | -3/Research | Garrison activated, responded to threat 12448 | -3/Research | Discovered new exit (range 12) 12452 | -3/Research | Identified exit to Research 12452 | -3/Research | Entered another Research area 12452 | -2/Research | Devolved, losing 1 slot: Weapon x-1 12467 | -2/Research | Lost 11 parts (2p4n3u2w) 12468 | -2/Research | Discovered new exit (range 6) 12470 | -2/Research | Found Fusion Bomb Launcher 12472 | -2/Research | Identified exit to Access 12473 | -2/Research | Entered Access 12473 | -1/Access | Devolved, losing 1 slot: Propulsion x-1 12574 | -1/Access | Zion Hacker squad teleported in 12579 | -1/Access | Enhanced Grunt warped into view, answering call for help 12580 | -1/Access | Enhanced Grunt warped into view, answering call for help 12672 | -1/Access | Zion Demo squad teleported in 12693 | -1/Access | Crushed by falling debris 12724 | -1/Access | Lost 3 parts (2u1w) 12743 | -1/Access | Retrieved Zion intel report: Trap Installations 12744 | -1/Access | Zion Heavy squad teleported in 12753 | -1/Access | Spotted B-99 Colossus 12753 | -1/Access | Spotted B-99 Colossus 12772 | -1/Access | Core integrity fell below 50% 12777 | -1/Access | Core integrity fell below 20% 12786 | -1/Access | Destroyed by B-99 Colossus with Linear Accelerator Last Messages --------------- 12778_ AD-AQT(d) destroyed. 12779_ Slug penetrates 9W-WKA(Z). 12781_ Sealed Heavy Doors breached. 12782_ Fusion Bomb Launcher destroyed. 12782_ Knocked back. 12782_ Penetrated by Slug. 12783_ 9W-WKA(Z) knocked back. 12783_ Slug penetrates YV-D67(Z). 12783_ YV-D67(Z) suffers critical hit. 12783_ YV-D67(Z) destroyed. 12783_ Slug penetrates 9W-WKA(Z). 12783_ 9W-WKA(Z) destroyed. 12783_ Slug penetrates Wall. 12785_ Penetrated by Slug. 12785_ Slug penetrates B-99 Colossus. 12785_ Penetrated by Slug. 12785_ Slug penetrates B-99 Colossus. 12786_ Hardcell Cannon destroyed. 12786_ Transport Network Coupler destroyed. 12786_ Imp. Signal Interpreter destroyed. Map ----- +----------------------------------------------------+ | ?????????????????????????????????????????????????? | | ????????????^??^?????????????????????????????????? | | ??????????????^??^???????????????????????????????? | | ?????????????????????????????????????###? ?????? | | ????????????^???????????????????????? ? ? ?? | | ?????????????^??????????????????????? ? | | ##+##????????? !!??????????????#???? # | | ####### ??????????????? " # === | | ??????????????# """ # === | | ??????????????# """ # === | | ####### #???????????????# " # ? | | # ##??????????????????????????# # ?? | | # #???????????????????????????# # ??? | | # #???????????????????????????# " # #???? | | # #???????????????????????????# """ # #???? | | # #???????????????????????????# """ # #???? | | # #???????????????????????????# " # #???? | | # #???????????????????????????# + #???? | | # # ????????????????????????## *# #???? | | # # ####"????????????########; =%=%" +???? | | " """????????????" ; ] [# #???? | | " """???????????"" BB # # #???? | | "???????????" BB ;#;;;;#### #???? | | "???????????"" [ %! p #???? | | "???????????" !%=* #???? | | "????????????" @ * / ? | | # "????????????" ##### | | # "????????????" BB ##########/##+##??? | | # "????????????" BB #????# #??? | | # "????????????" #????# #??? | | # #######"###########?#########????# " #??? | | # ?# ## ### ##??????????????# """ #??? | | # ??# ## ## # #??????????????# """ #??? | | # ??# # ## #??????????????# " #??? | | # ??## # # # ######??????????# #??? | | + ???# # #??????????# #??? | | # ###### # #??????????########/##??? | | ? # = # #?????????????????# #???? | | ???# # #?????????????????# #???? | | ???# " # #?????????????????# #???? | | # ?# """ # #???????#######???# #???? | | #^^# """ # ######### #???# #???? | | #^^+ " # == ##### #???? | | ???# # ]%= #???? | | ???# ######!]= #######???? | | ???# #???##+########## #?????????? | | ???####### #???? ???????# ##?????????? | | ????????# A #???? ??????## #?????????? | | ????????## # ##??? ??????## #?????????? | | ?????????# #??? #??????# ##?????????? | +----------------------------------------------------+ Best States ------------- Heat Dissipation 70 Energy Generation 41 Energy Capacity 665 Matter Stores 400 Matter Capacity 400 Sight Range 22 Robot Scan Range 30 Terrain Scan Range 30 Terrain Scan Density 210 Jamming Range 16 Additional Mass Support 9 Armor Coverage 450 Resistance: KI 20 Resistance: TH 45 Resistance: EX 45 Resistance: EM 20 Resistance: I 20 Resistance: S 20 Resistance: P 20 Propulsion Shielding 66 Melee Speed Boost 30 Evasion (%) 68 Targeting Accuracy 16 Melee Accuracy 8 Target Analysis 8 Core Analysis 10 Particle Charging 15 Salvage Targeting 1 Offensive Hacking 10 Defensive Hacking 12 Item Schematics ----------------- Combat Drone Bay | -7/Data Miner | Free Lgt. Regenerative Plating | -7/Data Miner | Free Triangulator | -7/Data Miner | Free Exp. Sensor Array | -7/Data Miner | Free Exp. Terrain Scanner | -7/Data Miner | Free Exp. Terrain Scan Processor | -7/Data Miner | Free Cloaking Device | -7/Data Miner | Free Mni. Smartbomb Launcher | -7/Data Miner | Free Kinetic Spear | -7/Data Miner | Free Robot Schematics ------------------ S-27 Virus | -7/Data Miner | Free G-50 Soldier | -7/Data Miner | Free H-66 Slayer | -7/Data Miner | Free P-70 Sage | -7/Data Miner | Free I-36 Angel | -7/Data Miner | Free Fabricated ------------ Exp. Terrain Scanner | x1 | -6/Factory P-70 Sage | x2 | -6/Factory Exp. Sensor Array | x1 | -5/Factory Alien Tech Used ----------------- None Achievements -------------- None Challenges ------------ Devolution Game ------ Seed FieldNodeSplitter Manual? 1 Play Time 03:50:22 Cumulative 132.3 hours Start 2020.04.12 @ 16:28:46 End 2020.04.12 @ 20:29:47 Sessions 1 Manual Loads 0 Difficulty Adventurer Special Mode None Game No. 26 Rogue 1 Adventurer 3 Explorer 22 Win Type - Total 12 Types 12/0/0/0/0/0/0 Lore% 66 Gallery% 79 Achievement% 72 Wizard Run 0 Options --------- ASCII 0 Keyboard 1 Movement Vi Keybinds 0 Fullscreen 2 Font 24/Terminus Map View 76x50 Tactical HUD 1 Map Filters NONE Filters NONE Steam 1 RUN: a2be3d31-f854-4507-9ff1-d6321e24ba5a